 Dungeon Crawl Stone Soup version 0.28.0-53-g5a82cb258f (webtiles) character file.

Game seed: 6116962602111251004

2734 Zeld the Destroyer (level 9, -8/62 HPs)
             Began as a Pale Draconian Conjurer on June 9, 2022.
             Was an Initiate of Gozag.
             Mangled by a death drake (9 damage)
             ... in a bailey.
             The game lasted 00:09:57 (12822 turns).

Zeld the Destroyer (Pale Draconian Conjurer)       Turns: 12822, Time: 00:09:58

Health: -8/62      AC:  9    Str: 11    XL:     9   Next: 40%
Magic:  8/20       EV: 13    Int: 22    God:    Gozag
Gold:   478        SH:  5    Dex:  9    Spells: 7/23 levels left

rFire   . . .      SeeInvis .   m - +1 short sword (venom)
rCold   . . .      Faith    .   (no shield)
rNeg    . . .      Spirit   .   (armour unavailable)
rPois   .          Reflect  +   (helmet restricted)
rElec   .          Harm     .   v - +0 cloak
rCorr   .          Rampage  .   (no gloves)
Will    .....                   i - +0 pair of boots
Stlth   ++........              f - amulet of reflection
HPRegen 0.20/turn               t - ring of flight
MPRegen 0.17/turn               s - ring of wizardry

@: lethally poisoned (-8 -> -37), flying, slowed, invisible, very slow
A: breathe steam, AC +7, unfitting armour, cold-blooded, steam resistance
a: Breathe Steam, Renounce Religion, Potion Petition, Call Merchant, Bribe
Branch


You were in a bailey.
You worshipped Gozag.
Gozag was aware of your devotion.
You visited 2 branches of the dungeon, and saw 9 of its levels.
You also visited: Bailey.

You collected 1104 gold pieces.
You paid 626 gold pieces to Gozag.

Inventory:

Hand Weapons
 m - a +1 short sword of venom (weapon)
Armour
 i - a +0 pair of boots (worn)
 v - a +0 cloak (worn)
Jewellery
 e - a ring of protection from fire
 f - an amulet of reflection (around neck)
 s - a ring of wizardry (right hand)
 t - a ring of flight (left hand)
 u - a ring of resist corrosion
Wands
 z - a wand of polymorph (2)
Scrolls
 b - 3 scrolls of fear
 d - a scroll of holy word
 l - a scroll of teleportation
 p - 3 scrolls of fog
 r - a scroll of enchant weapon
 w - a scroll of amnesia {unknown}
 y - a scroll of blinking {unknown}
Potions
 a - 4 potions of curing {unknown}
 h - a potion of lignification {unknown}
 k - 4 potions of heal wounds
 n - 2 potions of ambrosia {unknown}
 o - a potion of invisibility
 x - a potion of flight {unknown}


   Skills:
 + Level 5.0 Dodging
 - Level 1.7 Stealth
 * Level 7.5 Spellcasting
 * Level 8.9 Conjurations
 - Level 2.0 Hexes
 - Level 2.0 Translocations
 + Level 2.0 Evocations


You had 7 spell levels left.
You knew the following spells:

 Your Spells              Type           Power      Damage    Failure   Level
a - Magic Dart            Conj           100%       1d8       1%          1
b - Searing Ray           Conj           94%        2d7       1%          2
c - Fulminant Prism       Conj/Hex       16%        3d11      3%          4
d - Iskenderun's Mystic   Conj/Tloc      32%        2d8       3%          4
z - Iskenderun's Battles  Conj           47%        2d10      2%          5

Your spell library contained the following spells:

 Spells                   Type           Power      Damage    Failure   Level
 Dazzling Flash           Conj/Hex       64%        N/A       1%          3
 Stone Arrow              Conj/Erth      54%        3d10      1%          3
 Summon Small Mammal      Summ           32%        N/A       3%          1
 Ensorcelled Hibernation  Hex/Ice        24%        N/A       3%          2
 Passwall                 Tmut/Erth      6%         N/A       4%          2
 Gell's Gravitas          Tloc           17%        N/A       4%          3
 Lesser Beckoning         Tloc           17%        N/A       4%          3
 Portal Projectile        Hex/Tloc       34%        N/A       4%          3
 Teleport Other           Tloc           17%        N/A       4%          3
 Inner Flame              Hex/Fire       12%        N/A       6%          3
 Summon Guardian Golem    Hex/Summ       12%        N/A       6%          3
 Call Canine Familiar     Summ           8%         N/A       10%         3
 Swiftness                Air            8%         N/A       10%         3
 Cause Fear               Hex            8%         N/A       14%         4
 Iron Shot                Conj/Erth      13%        9d3       56%         6
 Blade Hands              Tmut           4%         N/A       61%         5
 Excruciating Wounds      Necr           4%         N/A       61%         5
 Spellforged Servitor     Conj/Summ      13%        N/A       98%         7
 Discord                  Hex            8%         N/A       100%        8
 Lehudib's Crystal Spear  Conj/Erth      13%        10d5      100%        8
 Animate Armour           Summ/Erth      Unusable   N/A       N/A         4

Dungeon Overview and Level Annotations

Branches:
Dungeon (8/15)             Temple (1/1) D:6          Bailey (1/1)
   Lair: D:8-11

Altars:
Cheibriados
Dithmenos
Elyvilon
Fedhas
Gozag
Hepliaklqana
Kikubaaqudgha
Makhleb
Nemelex Xobeh
Okawaru
Qazlal
Ru
Sif Muna
Trog
Uskayaw
Vehumet
Wu Jian
Xom
Yredelemnul
Zin
The Shining One

Shops:
D:4 *   D:6 :


Innate Abilities, Weirdness & Mutations

You can breathe blasts of scalding, opaque steam.
Your pale cyan-grey scales are hard. (AC +7)
You cannot fit into any form of body armour.
You are cold-blooded and may be slowed by cold attacks.
You are immune to the effects of steam.


Message History

A fulminant prism comes into view.
You are engulfed in dark miasma.
You are more poisoned.
You feel extremely sick.
Your battlesphere fires!
The barrage of energy hits the death drake!
The death drake is lightly wounded.
Unknown command.
Casting: Fulminant Prism (dangerous; 3% risk of failure)
Confirm with . or Enter, or press ? or * to list all spells.
You erupt in a blast of force!
The mystic blast hits the death drake but does no damage.
The death drake is lightly wounded.
You are engulfed in dark miasma.
You are lethally poisoned!
* * * LOW HITPOINT WARNING * * *
You feel extremely sick.
Your battlesphere fires!
The barrage of energy hits the death drake!
The death drake is moderately wounded.
You block the death drake's attack. The death drake breathes miasma at you.
The foul vapour misses you.
Your fulminant prism crackles loudly.
Unknown command.
You feel much better.
You are engulfed in dark miasma.
You are lethally poisoned!
* * * LOW HITPOINT WARNING * * *
You feel extremely sick. The death drake barely misses you.
Your fulminant prism explodes!
The death drake barely misses you.
Unknown command.
It was a potion of invisibility.
You fade into invisibility!
* * * LOW HITPOINT WARNING * * *
You feel extremely sick. The death drake bites you!
You die...
Your body crumbles into a pile of gold.

♣.....$'.$...#....
♣♣.....#$...##8.8.
♣....##$$..#≈?..
♣...##.....#≈...
♣≈≈##o.....##≈≈
♣≈≈#.......$#
♣≈≈#..8..8..$.'...K
♣≈k#..........#≈≈≈≈
♣≈@##.........# ≈g
♣≈≈≈##...8...##
♣♣≈*≈##.....##
♣♣≈≈≈##...##
♣♣≈≈≈#### ♣♣♣♣♣


You could see a death drake (ally target) and a friendly battlesphere.

Vanquished Creatures
  A meliai zombie (D:5)
  A wyvern (D:7)
  Sigmund (D:3)
  A water moccasin (D:6)
  2 black bears
  2 orc warriors
  2 necrophages (D:7)
  2 ogres (D:5)
  A bullfrog (D:6)
  2 scorpions (D:6)
  A wyvern skeleton (D:7)
  8 killer bees (D:8)
  A centaur zombie (D:5)
  A bullfrog zombie (D:5)
  3 orc priests
  3 hounds
  Crazy Yiuf (D:2)
  3 jellies
  A gnoll shaman (D:4)
  Jessica (D:2)
  An iguana (D:4)
  An orc wizard (D:7)
  7 gnolls
  11 adders
  A shadow imp (D:6)
  An ufetubus (D:7)
  2 adder skeletons
  3 dart slugs
  24 orcs
  8 ball pythons
  9 endoplasms
  2 giant cockroaches (D:2)
  14 goblins
  13 hobgoblins
  22 kobolds
  3 quokkas
  4 bats
  6 frilled lizards
  5 rats
175 creatures vanquished.

Vanquished Creatures (others)
  2 killer bees (D:8)
  2 goblins (D:8)
  A fulminant prism (Bailey)
  A plant (D:3)
6 creatures vanquished.

Grand Total: 181 creatures vanquished

Notes
Turn   | Place    | Note
-------+----------+-------------------------------------------
     0 | D:1      | Zeld the Draconian Conjurer began the quest for the Orb.
     0 | D:1      | Reached XP level 1. HP: 14/14 MP: 3/3
   628 | D:1      | Reached XP level 2. HP: 20/20 MP: 1/5
   689 | D:1      | Learned a level 2 spell: Searing Ray
   794 | D:1      | Reached skill level 1 in Translocations
   866 | D:1      | Found a faded altar of an unknown god.
  1045 | D:1      | Reached skill level 1 in Hexes
  1534 | D:1      | Reached XP level 3. HP: 26/26 MP: 1/6
  1836 | D:2      | Noticed Jessica
  1840 | D:2      | Killed Jessica
  1978 | D:2      | Found an opulent altar of Gozag.
  2005 | D:2      | Became a worshipper of Gozag Ym Sagoz the Greedy
  2377 | D:2      | Reached XP level 4. HP: 32/33 MP: 1/7
  2382 | D:2      | Learned a level 4 spell: Iskenderun's Mystic Blast
  3048 | D:2      | Found a runed translucent door.
  3049 | D:2      | Noticed Crazy Yiuf
  3479 | D:2      | Found an opulent altar of Gozag.
  3910 | D:3      | Reached XP level 5. HP: 20/38 MP: 1/9
  4100 | D:3      | Found a sacrificial altar of Ru.
  4100 | D:3      | Noticed Sigmund
  4327 | D:3      | Killed Sigmund
  4328 | D:3      | Reached skill level 5 in Conjurations
  4328 | D:3      | Reached XP level 6. HP: 32/45 MP: 4/11
  4338 | D:3      | Learned a level 4 spell: Fulminant Prism
  4455 | D:3      | Found a stormy altar of Qazlal.
  4457 | D:3      | Found a glowing golden altar of the Shining One.
  4742 | D:4      | Found Supheshre's Neck Hole.
  6322 | D:5      | Entered Level 5 of the Dungeon
  6334 | D:5      | Your scales start taking on a pale cyan-grey colour.
  6334 | D:5      | Reached XP level 7. HP: 44/50 MP: 13/13
  6334 | D:5      | Gained mutation: You are immune to the effects of steam.
                  | [Pale Draconian growth]
  6736 | D:5      | Reached skill level 6 in Conjurations
  6970 | D:5      | Reached skill level 5 in Spellcasting
  7280 | D:2      | Killed Crazy Yiuf
  7631 | D:5      | Reached XP level 8. HP: 29/57 MP: 4/16
  7634 | D:5      | Reached skill level 7 in Conjurations
  8078 | D:5      | Learned a level 5 spell: Iskenderun's Battlesphere
  9405 | D:6      | Found a staircase to the Ecumenical Temple.
  9419 | Temple   | Entered the Ecumenical Temple
 10011 | D:7      | Reached skill level 8 in Conjurations
 10570 | D:7      | Reached XP level 9. HP: 62/62 MP: 7/19
 10822 | D:7      | Reached skill level 1 in Evocations
 11252 | D:8      | Found a flagged portal.
 11258 | Bailey   | Entered a bailey
 11887 | Bailey   | Noticed an orc warlord
 11900 | Bailey   | Reached skill level 5 in Dodging
 12118 | Bailey   | Noticed an orc knight
 12466 | Bailey   | Noticed an orc knight
 12813 | Bailey   | Noticed a death drake
 12813 | Bailey   | an orc knight changed into a death drake
 12822 | Bailey   | HP: 1/62 [poisoned by a death drake (dark miasma)]
 12822 | Bailey   | Mangled by a death drake

Illustrated notes

Levels and vault maps discovered:
D:1:      dpeg_arrival_lava_temple_mockup, layout_loops_corners,
          shapermc_ecumenical_altar_ellora
D:2:      layout_rooms, basic_altar, minmay_misc_feat_columns, nrook_campfire,
          kennysheep_generic_room_2, uniq_jessica, uniq_crazy_yiuf_cottage
D:3:      layout_basic, gammafunk_temple_overflow_forgotten, item_on_display_a,
          uniq_sigmund
D:4:      layout_basic, minmay_misc_feat_rugged,
          nicolae_shop_sticking_my_neck_out
D:5:      layout_cave_pools
D:6:      layout_basic, minmay_temple_entry_ruins, eino_tiny_chamber
D:7:      layout_loops_corners
D:8:      layout_basic, serial_shops, nicolae_square_shop,
          nicolae_ossuary_entry_giza, enter_bailey_3
Temple:   eino_narrow_crystal_temple
Bailey:   bailey_axe_bossmonster_kennysheep, bailey

Skill      XL: |  1  2  3  4  5  6  7  8  9 |
---------------+----------------------------+-----
Translocations | 1 2 |  2.0
Hexes          | 1 2 |  2.0
Spellcasting   | 3 4 5 6 7 |  7.5
Dodging        | 2 3 4 5 |  5.0
Conjurations   | 5 6 8 |  8.9
Evocations     | 2 |  2.0
Stealth        | |  1.7

Action                   |  1- 3 |  4- 6 |  7- 9 || total
-------------------------+-------+-------+-------++-------
Melee: Unarmed           |    32 |     6 |       ||    38
       Tailslap          |     7 |    16 |    34 ||    57
       Short sword       |       |   105 |   234 ||   339
       Punch             |       |     2 |       ||     2
 Cast: Magic Dart        |    59 |    36 |     1 ||    96
       Searing Ray       |     4 |     8 |     3 ||    15
       Iskenderun's Myst |       |       |    54 ||    54
       Iskenderun's Batt |       |       |     1 ||     1
       Fulminant Prism   |       |       |     1 ||     1
Invok: Call Merchant     |       |       |     1 ||     1
 Abil: Breathe Steam     |       |       |     4 ||     4
Evoke: Wand              |       |       |     4 ||     4
  Use: Scroll            |       |       |     9 ||     9
       Potion            |       |       |     2 ||     2
 Stab: Distracted        |       |     1 |       ||     1
       Sleeping          |       |     1 |       ||     1
Armor: Skin              |    20 |    38 |    98 ||   156
Dodge: Dodged            |    28 |    75 |   213 ||   316
Block: Other             |       |    19 |    74 ||    93
       Reflection        |       |       |     2 ||     2
